AoeStats
← Trashclaus

African Clearing

505426525Analyzed
4v4 RM · 23d ago on Sep 9, 2026· 37m 27s· 8 players
Game mode
Random Map
Map size
Large (8 player)
Population
200
Speed
Normal
Resources
Standard
Victory
Conquest
Starting age
Dark Age
Ending age
Imperial Age
RankedLock teamsTeams togetherTeam positionsShared explorationLock speedFull tech treeHidden civsTurbo modeCheats
Victory
Defeat
🇨🇳 Teutons · China
1651
+15
🇮🇳 Chinese · India
1644
+15
🇨🇳 Byzantines · China
1579
+18
🇧🇷 Shu · Brazil
1561
+19
🇹🇼 Georgians · Taiwan
1662
-18
🇨🇳 Bohemians · China
1654
-18
🇸🇪 Huns · Sweden
1623
-17
🇳🇱 Bengalis · Netherlands
1555
-14
Sumi
3:07 Loom
12:25 Feudal Age
24:40 Castle Age
28:30 Horse Collar
28:44 Double-Bit Axe
30:48 Wheelbarrow
摸鱼种田
9:48 Loom
12:14 Feudal Age
16:50 Castle Age
15:34 Fletching
16:53 Crossbowman
26:30 Chemistry
25:35 Padded Archer Armor
26:01 Horse Collar
27:00 Double-Bit Axe
30:09 Bow Saw
30:02 Heavy Plow
32:15 Bodkin Arrow
38:02 Imperial Age
37:14 Wheelbarrow
37:05 Town Watch
Trashclaus
12:28 Feudal Age
12:38 Loom
13:25 Double-Bit Axe
19:05 Castle Age
27:03 Wheelbarrow
Javier STATISTICS
4:06 Loom
13:07 Feudal Age
13:49 Town Watch
18:58 Castle Age
16:54 Double-Bit Axe
25:23 Wheelbarrow
25:07 Gold Mining
27:45 Forging
31:18 Fletching
35:26 Imperial Age
32:56 Light Cavalry
34:23 Iron Casting
35:27 Scale Barding Armor
37:09 Bodkin Arrow
VIVIAN
4:59 Loom
11:29 Feudal Age
15:58 Castle Age
15:11 Double-Bit Axe
15:44 Fletching
15:43 Town Watch
20:13 Wheelbarrow
21:17 Bodkin Arrow
28:55 Guard Tower
29:48 Horse Collar
32:36 Ballistics
34:41 Heavy Plow
39:22 Imperial Age
37:23 Gold Mining
37:39 Scale Mail Armor
比奇堡_Gary
14:23 Feudal Age
15:38 Double-Bit Axe
15:45 Loom
18:42 Castle Age
19:12 Fishing Lines
19:44 Bow Saw
26:11 Gillnets
27:31 Stone Mining
29:12 Wheelbarrow
29:12 Horse Collar
29:24 Gold Mining
30:30 Hand Cart
33:28 Imperial Age
32:10 Husbandry
32:23 Scale Barding Armor
32:29 Forging
33:06 Gold Shaft Mining
33:27 Chain Barding Armor
34:32 Iron Casting
33:38 Heavy Camel Rider
36:10 Plate Barding Armor
37:35 Conscription
38:22 Coinage
Issue
2:58 Loom
11:08 Feudal Age
11:56 Double-Bit Axe
13:54 Fletching
14:21 Horse Collar
20:43 Castle Age
20:14 Town Watch
21:21 Bodkin Arrow
21:16 Crossbowman
27:27 Wheelbarrow
27:04 Thumb Ring
32:02 Stone Mining
36:25 Hand Cart
Fs.7mendes
3:22 Loom
12:10 Feudal Age
18:00 Castle Age
30:48 Double-Bit Axe
32:01 Town Watch
32:55 Wheelbarrow
34:05 Fletching
37:17 Bow Saw
Connection lost

Rejoining the realm…

Still unreachable

The connection could not be restored.

Session expired

The server has moved on; the page needs a fresh start.